AoeStats
← 漂亮国五星上将艾森豪威尔下士

African Clearing

510929936Analyzed
4v4 RM · 9h ago on Oct 3, 2026· 18m 56s· 8 players
Game mode
Random Map
Map size
Large (8 player)
Population
200
Speed
Normal
Resources
Standard
Victory
Conquest
Starting age
Dark Age
Ending age
Imperial Age
RankedLock teamsTeams togetherTeam positionsShared explorationLock speedFull tech treeHidden civsTurbo modeCheats
Victory
Defeat
🇹🇼 Spanish · Taiwan
1069
+13
🇨🇳 Berbers · China
1023
+15
🇹🇷 Huns · Türkiye
1009
+16
🇵🇪 Maya · Peru
986
+17
🇨🇳 Berbers · China
1159
-22
🇨🇳 Persians · China
1122
-20
🇭🇰 Magyars · Hong Kong SAR China
872
-10
🇨🇳 Huns · China
853
-9
Guli
6:08 Loom
16:16 Feudal Age
16:45 Horse Collar
Johnny0704
7:22 Loom
15:38 Feudal Age
alsercan87
10:15 Loom
15:37 Feudal Age
16:03 Horse Collar
16:11 Double-Bit Axe
18:35 Gold Mining
Set
4:06 Loom
14:38 Feudal Age
15:32 Double-Bit Axe
15:35 Horse Collar
16:39 Man-at-Arms
17:30 Town Watch
gregyostnerij
10:10 Loom
12:17 Feudal Age
12:47 Double-Bit Axe
17:42 Castle Age
18:52 Bow Saw
Otto der Große
10:29 Loom
13:10 Feudal Age
13:13 Man-at-Arms
16:37 Double-Bit Axe
觅桃豚
11:52 Loom
13:50 Feudal Age
15:59 Bloodlines
16:42 Scale Barding Armor
17:47 Forging
漂亮国五星上将艾森豪威尔下士
16:40 Feudal Age
17:59 Double-Bit Axe
19:16 Gold Mining
Connection lost

Rejoining the realm…

Still unreachable

The connection could not be restored.

Session expired

The server has moved on; the page needs a fresh start.